[Event "43rd Indian-chT 2023-24"]
[Site "Dharamsala"]
[Date "2024.04.02"]
[Round "7.5"]
[White "Krishna C R G"]
[Black "Ebenezer, Joseph"]
[Result "1-0"]
[ECO "A47"]
[WhiteElo "2445"]
[BlackElo "1889"]
[Annotator "TA"]
[PlyCount "103"]
[EventDate "2024.03.28"]
[EventType "team-tourn"]
[EventCountry "IND"]
[SourceTitle "playchess.com"]
[Source "ChessBase"]
[SourceQuality "1"]
[TimeControl "5400+30"]

1. d4 Nf6 2. Nf3 b6 3. e3 Bb7 4. Bd3 g6 5. O-O Bg7 6. c4 d6 7. Nc3 Nbd7 8. e4 {[%emt 0:01:21] White is slightly better.} e5 9. d5 a5 10. Bc2 O-O 11. Be3 Ng4 12. Bg5 f6 13. Bd2 h5 {[%emt 0:01:54] White leaves nothing to chance now.} (13... Ba6 $14) 14. a3 Qe8 15. b4 axb4 16. axb4 Qf7 (16... Qe7 $142 17. h3 Nh6) 17. Nb5 $18 Rxa1 18. Qxa1 Ra8 {[%emt 0:00:10] Repels Qa7} 19. Qc1 Kh7 20. Nxc7 Rc8 21. Nb5 Qe7 22. Bd3 Ba6 {[%emt 0:01:30] [#] Strongly threatening ...Bxb5.} 23. Na7 Ra8 24. Nc6 Qf8 25. Qb2 Bh6 26. Ra1 Bxd2 27. Qxd2 Bb7 28. Qc1 Nh6 29. Ra3 Nf7 30. Qa1 Kg7 31. Nd2 Qc8 32. Na7 Qd8 33. Nb5 Rb8 (33... Rxa3 $142 34. Qxa3 Qb8) 34. Nb1 Nf8 35. N1c3 Bc8 36. Na7 Ra8 37. Nc6 Rxa3 38. Qxa3 Qd7 39. Qa7 Qxa7 40. Nxa7 Bb7 41. Kf1 Nd7 42. Ke2 Kf8 43. Bc2 Ke7 44. Ba4 Nb8 $2 (44... Ba6 {might work better.} 45. Bb5 Bxb5) 45. Bb5 {[%emt 0:04:00] [#] Nc6+ is the strong threat.} Na6 46. Bc6 Bxc6 (46... Nd8 47. Na2 h4 48. Bxb7 Nxb7 49. Nc8+ Kd8) 47. dxc6 {[%emt 0:00:03][%cal Bd5c6,Bc6c7][%mdl 32] KNN-KNN} Kd8 48. Nd5 f5 49. exf5 gxf5 50. Nb5 Ng5 51. c7+ Kd7 52. Nxb6+ {[%emt 0:00:06] Weighted Error Value: White=0.16 (very precise) /Black=0.44.  Mistake:       	---       	Black=5      Inaccurate:     	---       	Black=3      OK:         	White=21    	Black=10     Best:        	---       	Black=2} 1-0

[Event "43rd Indian-chT 2023-24"]
[Site "Dharamsala"]
[Date "2024.04.02"]
[Round "7.6"]
[White "Vigneshwaran, S."]
[Black "Aronyak Ghosh"]
[Result "0-1"]
[ECO "A32"]
[WhiteElo "1785"]
[BlackElo "2517"]
[Annotator "TA"]
[PlyCount "64"]
[EventDate "2024.03.28"]
[EventType "team-tourn"]
[EventCountry "IND"]
[SourceTitle "playchess.com"]
[Source "ChessBase"]
[SourceQuality "1"]
[TimeControl "5400+30"]

1. Nf3 Nf6 2. c4 c5 3. d4 cxd4 4. Nxd4 e6 5. Nc3 Bb4 6. Qb3 Bc5 7. Be3 {[%emt 0:02:26][%cal Od4e6] [#] Hoping for Nxe6!} Na6 8. O-O-O Ng4 9. Ne4 {[%emt 0:06:46] The position is equal.} Nxe3 10. Qxe3 {[%emt 0:00:18] Nxc5 is the strong threat.} Be7 11. Nb5 {[%emt 0:03:47] Nbd6+ would now be deadly. A dynamic duo of knights.} O-O 12. Ned6 Nc7 13. Nxa7 ({Better is} 13. Kb1 $15) 13... Bxd6 $19 14. Rxd6 Qe7 (14... b5 $19 {White must now prevent ...Qe7.} 15. Nc6 (15. Nxb5 $2 Nxb5 16. Rb6 Qc7 $19) (15. cxb5 $2 Nd5 $19) 15... Qf6 (15... dxc6 $2 16. Rxd8 Rxd8 17. Qb6 $18)) 15. Rd2 $1 $15 d5 {[%emt 0:09:07] White is now going downhill.} 16. cxd5 (16. Qb6 $17) 16... Rd8 $19 (16... Nxd5 17. Rxd5 Rxa7 18. Kb1 $15) 17. d6 Rxd6 18. Rxd6 Qxd6 19. Nxc8 (19. Qd2 $142 Qxd2+ 20. Kxd2 Rxa7 21. a3) 19... Rxc8 20. Qd2 Na6+ 21. Kd1 Qb6 {[%emt 0:00:07][%cal Oc8d8] [#] Threatens to win with ...Rd8!} 22. Ke1 Nb4 {[%emt 0:01:04][%cal Oc8d8] Strongly threatening ...Rd8!} 23. e3 Rc2 ({Not} 23... Nxa2 24. h4 $17) 24. Qd4 Qxd4 25. exd4 Rxb2 {[%emt 0:00:06][%mdl 4096] Endgame. KRB-KRN} ({Don't take} 25... Nxa2 26. h4) 26. a3 Nc6 27. d5 exd5 28. h4 Rb1+ 29. Ke2 (29. Kd2 {was the only defense.}) 29... Kf8 30. g4 (30. g3 $142) 30... Ke7 31. Rh3 Nd4+ 32. Kd3 Ne6 {[%emt 0:17:22] Weighted Error Value: White=0.36/Black=0.25 (precise) .  Mistake:       	White=5     	Black=1      Inaccurate:     	White=1     	Black=1      OK:         	White=5     	Black=13     Best:        	White=4     	Black=2      Strong:       	White=1     	---} (32... Rxf1 33. Kxd4 Rxf2 34. Kxd5 $17) 0-1

[Event "43rd Indian-chT 2023-24"]
[Site "Dharamsala"]
[Date "2024.04.02"]
[Round "7.7"]
[White "Ghosh, Diptayan"]
[Black "Anup Shankar R"]
[Result "1-0"]
[ECO "A50"]
[WhiteElo "2559"]
[BlackElo "1968"]
[Annotator "TA"]
[PlyCount "73"]
[EventDate "2024.03.28"]
[EventType "team-tourn"]
[EventCountry "IND"]
[SourceTitle "playchess.com"]
[Source "ChessBase"]
[SourceQuality "1"]
[TimeControl "5400+30"]

1. Nf3 Nf6 2. g3 b6 3. Bg2 Bb7 4. O-O g6 5. c4 Bg7 6. d4 O-O 7. d5 c6 8. Nc3 cxd5 9. cxd5 Na6 {[%emt 0:08:11] White is slightly better.} 10. Nd4 Qc8 11. Bf4 Nh5 {[%emt 0:05:18] [#]} ({Black should play} 11... Ne8 $14) 12. Be3 (12. Bg5 $1 $16) 12... e5 13. Ndb5 Qb8 {[%emt 0:01:40] Repels Nd6} 14. Ne4 {[%emt 0:16:16] White is more active.} Nb4 ({Black should try} 14... Nc7 $14 15. Nxc7 Qxc7) 15. Bg5 $16 f6 16. Bd2 Na6 (16... a5 $16 17. Ned6 f5) 17. Ned6 $18 {[%emt 0:02:28] Nxb7 would now be deadly.} f5 18. e4 fxe4 19. Bg5 (19. Bxe4 Nc5 $16) 19... Nf6 20. Bxf6 (20. Nxe4 $6 Nxe4 21. Bxe4 Nc5 $14) 20... Bxf6 21. Nxe4 {[%emt 0:05:21] A dynamic duo of knights.} (21. Bxe4 $6 Nc5 22. b4 Nxe4 23. Nxe4 a5 $14) (21. Rc1 $18) 21... Nc5 $16 22. Nxf6+ Rxf6 23. b4 Ba6 $2 {[%emt 0:01:29][%mdl 8192] Loses the game.} (23... Na6 $16) 24. a4 $18 Nb7 {[%emt 0:01:02] [#]} 25. d6 $1 Qf8 (25... Kh8 26. Re1) 26. Re1 (26. Qd5+ Qf7 27. Rfe1 (27. Qxe5 Re8 $18) 27... Rf8 28. Qxf7+ (28. Rxe5 Bxb5 29. Qxb7 Rxd6 $18) (28. Nxa7 Nxd6 29. Qxf7+ Kxf7 $18) 28... R8xf7) 26... Rc8 27. Qd5+ (27. Rxe5 Nxd6 28. Nxd6 (28. Nxa7 Rc7 $18) 28... Rxd6 29. Bd5+ Kg7 $18) 27... Kg7 28. Nc7 (28. Nxa7 Rc2 29. Rac1 (29. Qxe5 Nxd6 30. Rac1 Rcxf2 $18) (29. Rxe5 $2 Rfxf2 30. b5 Rxg2+ 31. Qxg2 Rxg2+ 32. Kxg2 Nxd6 $19) 29... Rxc1 30. Rxc1 Nxd6 $18) (28. Rxe5 Nxd6 29. Rae1 (29. Nxa7 Rc2 $14) 29... Bxb5 $18) 28... Nxd6 29. Nxa6 Rc2 30. Ra2 ({And not} 30. Rxe5 Rfxf2 $17) 30... Rxa2 (30... Rfxf2 {was necessary.} 31. Rxc2 (31. Qxe5+ Qf6 $18) 31... Rxc2 32. Qxe5+ (32. Rxe5 {gets mated.} Rc1+) 32... Qf6 33. Qxf6+ Kxf6) 31. Qxa2 {[%emt 0:00:01] White is clearly winning.} Qc8 32. b5 Qc3 33. Rd1 Nf7 34. h4 d6 35. Qd2 Qb3 36. Nc7 Kf8 37. Nd5 {[%emt 0:00:24] Weighted Error Value: White=0.24 (precise) /Black=0.54.  Loses game:     	---       	Black=1      Mistake:       	White=2     	Black=4      Inaccurate:     	---       	Black=3      OK:         	White=11    	Black=10     Best:        	White=2     	Black=1      Brilliant:      	White=1     	---} 1-0

[Event "43rd Indian-chT 2023-24"]
[Site "Dharamsala"]
[Date "2024.04.02"]
[Round "7.8"]
[White "Dinesh Kumar Jaganathan"]
[Black "Visakh N R"]
[Result "1/2-1/2"]
[ECO "A05"]
[WhiteElo "1852"]
[BlackElo "2521"]
[Annotator "RC"]
[PlyCount "152"]
[EventDate "2024.03.28"]
[EventType "team-tourn"]
[EventCountry "IND"]
[SourceTitle "playchess.com"]
[Source "ChessBase"]
[SourceQuality "1"]
[TimeControl "5400+30"]

1. Nf3 Nf6 2. g3 b5 3. Bg2 Bb7 4. O-O e6 5. a4 b4 6. c3 a5 7. d4 Be7 8. Nbd2 O-O 9. Re1 d5 10. Ne5 c5 11. e4 bxc3 12. bxc3 cxd4 13. cxd4 Na6 14. Ba3 Nb4 15. Rc1 Rc8 16. Rxc8 Qxc8 17. Qb3 Rd8 18. Rc1 Qb8 19. exd5 Bxd5 20. Bxd5 Nfxd5 21. Bxb4 Nxb4 22. Nc6 Qc7 23. Nxe7+ Qxe7 24. Rc5 g6 25. Qc3 Qd7 26. Nb3 Qxa4 27. Rxa5 Nd5 28. Rxa4 Nxc3 29. Rc4 Nd5 30. Na5 g5 31. h3 h5 32. Nc6 Ra8 33. Kg2 Ra2 34. Nb4 Ra4 35. Rc8+ Kg7 36. Nc2 Ra2 37. Kf3 f5 38. Rc6 Kf7 39. g4 hxg4+ 40. hxg4 f4 41. Ke2 Nf6 42. f3 Nd5 43. Kd3 Rb2 44. Rc8 Rb1 45. Kd2 Rf1 46. Ke2 Rh1 47. Na3 Rh2+ 48. Ke1 Ne3 49. Nb5 Ke7 50. Rc7+ Kf6 51. Nd6 Nc2+ 52. Kf1 Nxd4 53. Ne4+ Kg6 54. Re7 Rh8 55. Kf2 Ra8 56. Kf1 Ra3 57. Kg2 Re3 58. Re8 Kf7 59. Nd6+ Kg7 60. Ne4 Rxf3 61. Re7+ Kf8 62. Rxe6 Re3 63. Re5 Re2+ 64. Kf1 f3 65. Nc5 Rxe5 66. Nd7+ Ke7 67. Nxe5 Ke6 68. Nd3 Kd5 69. Nf2 Ne6 70. Nh3 Kd4 71. Kf2 Ke4 72. Ng1 Nd4 73. Nh3 Ne6 74. Ng1 Kf4 75. Nxf3 Kxg4 76. Nxg5 Nxg5 1/2-1/2

[Event "43rd Indian-chT 2023-24"]
[Site "Dharamsala"]
[Date "2024.04.03"]
[Round "8.1"]
[White "Adireddy Arjun"]
[Black "Krishna C R G"]
[Result "1-0"]
[ECO "C10"]
[WhiteElo "2299"]
[BlackElo "2445"]
[Annotator "TA"]
[PlyCount "140"]
[EventDate "2024.03.28"]
[EventType "team-tourn"]
[EventCountry "IND"]
[SourceTitle "playchess.com"]
[Source "ChessBase"]
[SourceQuality "1"]
[TimeControl "5400+30"]

1. e4 e6 2. d4 d5 3. Nc3 h6 4. Nf3 Nf6 5. exd5 exd5 6. Bf4 {[%emt 0:02:46] C10: French with 3 Nc3: Unusual Black 3rd moves and 3...dxe4.} c6 7. Bd3 Bd6 8. Qe2+ Be6 9. Bxd6 Qxd6 10. Ne5 $146 ({Predecessor:} 10. O-O-O Nbd7 11. Kb1 O-O-O 12. h3 Rhe8 13. Ne5 Qf8 14. f4 Nxe5 15. dxe5 {½-½ Hamiti,G (2141)-Mulolli,A (1969) KOS-chT Pristina 2018 (1.1)}) 10... O-O 11. f4 c5 12. Nb5 Qb6 13. dxc5 Qxc5 14. Qf2 Qxf2+ 15. Kxf2 Nc6 16. Rhe1 Rac8 17. c3 a6 18. Nxc6 bxc6 19. Nd4 Bd7 $1 20. Bxa6 Rb8 ({Black should play} 20... Rc7 $11) 21. Nb3 Bf5 22. Kg1 Bc2 23. Nd4 Rxb2 24. Nxc6 Ra8 25. Bf1 Ba4 26. Nd4 Rc8 27. Re3 Kf8 28. a3 g6 29. Rc1 Nd7 (29... Rc7 $11) 30. c4 dxc4 31. Bxc4 Nb6 32. Rec3 Rd8 33. Nf3 Bc6 34. Bf1 Bxf3 35. Rxf3 Rdd2 ({Black should try} 35... Rd5 $14) 36. f5 $16 gxf5 37. Rxf5 Nd5 38. Re1 Nc3 39. Rf6 Kg7 40. Rf3 Ne2+ 41. Kh1 Nd4 42. Rf4 (42. Rg3+ $14 Kf6 43. Kg1) 42... f5 $11 43. h4 Kf6 44. g4 Rb3 45. Ree4 Rf3 46. Rxd4 Rxf1+ $1 47. Rxf1 Rxd4 48. Rxf5+ Ke7 49. Ra5 (49. Re5+ $14 Kf7 50. Rf5+ Kg8 51. Ra5) 49... Rxg4 $11 50. h5 Kf6 51. Kh2 Rg8 52. Kh3 Rb8 53. Kg4 Rb3 54. Rf5+ Ke6 55. Ra5 Rc3 56. Ra6+ Ke5 57. Rxh6 Rxa3 58. Rb6 Ra1 59. Kg5 Rg1+ 60. Kh6 Kf5 61. Kh7 Rh1 62. h6 Ra1 63. Rg6 Ra7+ 64. Rg7 Ra1 $2 {[%emt 0:00:28][%mdl 8192] [#]} (64... Ra6 $11) 65. Rf7+ $1 Ke6 66. Kg8 Rg1+ {[%emt 0:00:13] [#]} 67. Kf8 $1 Rg2 68. h7 Rh2 69. Kg8 Rg2+ 70. Rg7 Ra2 1-0

[Event "43rd Indian-chT 2023-24"]
[Site "Dharamsala"]
[Date "2024.04.03"]
[Round "8.2"]
[White "Aronyak Ghosh"]
[Black "Sriram Adarsh Uppala"]
[Result "1-0"]
[ECO "D02"]
[WhiteElo "2517"]
[BlackElo "2141"]
[Annotator "TA"]
[PlyCount "103"]
[EventDate "2024.03.28"]
[EventType "team-tourn"]
[EventCountry "IND"]
[SourceTitle "playchess.com"]
[Source "ChessBase"]
[SourceQuality "1"]
[TimeControl "5400+30"]

1. Nf3 d5 2. g3 Nc6 3. d4 Bf5 4. Bg2 e6 5. O-O Nb4 6. Ne1 Nf6 7. c3 {[%emt 0:00:29] Wards off c5} Nc6 8. Bg5 {[%emt 0:00:41] White is slightly better.} Be7 9. Bxf6 Bxf6 10. Nd2 O-O 11. e4 dxe4 12. Nxe4 e5 13. d5 Bxe4 14. Bxe4 Ne7 {[%emt 0:00:06] Black is weak on the light squares} 15. c4 Qd7 16. Nd3 Rad8 17. Qc2 g6 18. Rad1 Qc8 19. Rfe1 Rfe8 20. Qa4 a6 21. Nc5 Nf5 22. Bxf5 gxf5 23. f3 Kh8 24. Qc2 Rg8 25. Nd3 $36 {[%emt 0:05:47][%mdl 2048] Black is under pressure.} Rde8 {[%emt 0:00:09] Black is now going downhill.} ({Better is} 25... f4 $1 $14) 26. Qc3 $16 {[%emt 0:03:01][%cal Of3f4] Strongly threatening f4! White is more active.} f4 {[%emt 0:11:34] [#]} (26... c6 $16) 27. Nxf4 $1 $18 (27. Nxe5 fxg3 28. Nxf7+ Kg7 29. Rxe8 Qxe8 $19) 27... Qf5 28. Ng2 Rg6 29. Qd3 Qh3 (29... Qxd3 {might work better.} 30. Rxd3 Be7) 30. Nf4 exf4 31. Rxe8+ Kg7 32. Qf1 ({White should try} 32. g4 $18) 32... Qf5 (32... Qd7 $16 {keeps fighting.} 33. Re2 fxg3) 33. Qg2 {[%emt 0:03:33] Threatens to win with g4.} h5 34. Re4 Be5 35. Qe2 Bd6 {[%emt 0:01:53] [#]} 36. Kg2 fxg3 37. h3 Rf6 38. Rd3 Qg5 {[%emt 0:00:27] [#]} (38... b6 $142 39. Rd2 Bb4) 39. b4 $1 Bxb4 {[%emt 0:01:08] [#]} (39... b6 40. Qb2) 40. f4 $1 Qf5 41. Rxg3+ Rg6 42. Rxg6+ Qxg6+ {[%emt 0:00:09][%mdl 4096] Endgame. KQR-KQB} 43. Kf3 {[%emt 0:00:35] Black must now prevent Qb2+.} Qf5 $2 (43... Bd6 44. Qg2 Qxg2+ 45. Kxg2 h4) 44. Qb2+ {[%emt 0:01:20] White is clearly winning.} f6 45. Qxb4 Qxh3+ 46. Ke2 {[%emt 0:00:19] Intending Qe7+ and mate.} Qg2+ 47. Kd3 {[%emt 0:01:36] White threatens Qe7+ and mate.} Qf1+ 48. Re2 {[%emt 0:00:16] And now Qe7+ would win.} Qf3+ 49. Re3 {[%emt 0:00:18] Threatening mate with Qe7+.} Qd1+ 50. Qd2 Qf1+ 51. Re2 Qb1+ 52. Qc2 {[%emt 0:00:21] Weighted Error Value: White=0.15 (very precise) /Black=0.32.  Mistake:       	White=1     	Black=6      Inaccurate:     	---       	Black=4      OK:         	White=13    	Black=16     Best:        	White=7     	Black=2      Strong:       	White=1     	---} 1-0

[Event "43rd Indian-chT 2023-24"]
[Site "Dharamsala"]
[Date "2024.04.03"]
[Round "8.3"]
[White "Pavan Karthikeya Varma Gunturi"]
[Black "Ghosh, Diptayan"]
[Result "0-1"]
[ECO "B30"]
[WhiteElo "1831"]
[BlackElo "2559"]
[Annotator "ChessBase"]
[PlyCount "232"]
[EventDate "2024.03.28"]
[EventType "team-tourn"]
[EventCountry "IND"]
[SourceTitle "playchess.com"]
[Source "ChessBase"]
[SourceQuality "1"]
[TimeControl "5400+30"]

1. e4 c5 2. Nc3 Nc6 3. Bb5 Nd4 4. Nf3 e6 5. O-O a6 6. Bd3 Nc6 7. b3 d6 8. Bb2 Nf6 9. Re1 Nd7 10. Bf1 Nde5 11. Nxe5 dxe5 12. d3 Be7 13. g3 b6 14. Bg2 Bb7 15. Nb1 O-O 16. Nd2 Qc7 17. Nf1 Rad8 18. Ne3 Nd4 19. c3 Nc6 20. Qc2 Rd7 21. Rad1 b5 22. Rd2 Rfd8 23. Red1 Qb6 24. a3 Rc8 25. Qb1 Bg5 26. Bc1 h5 27. Re2 Qd8 28. Bf1 g6 29. Ree1 a5 30. Qb2 Ba6 31. Nc2 Bxc1 32. Qxc1 b4 33. axb4 cxb4 34. c4 Qe7 35. Qe3 Rcd8 36. Qb6 Bb7 37. Be2 h4 38. Qe3 Kg7 39. g4 g5 40. h3 f6 41. Rd2 Qd6 42. Red1 Kh6 43. Qf3 Kg7 44. Qe3 Nd4 45. Nxd4 exd4 46. Qf3 Rf8 47. Qg2 Qc5 48. Ra2 Bc6 49. Rda1 Ra7 50. Bd1 Kh6 51. f4 gxf4 52. Qf2 Kg5 53. Qf3 Qe5 54. Rf2 Rfa8 55. Rfa2 Qd6 56. Kf1 Qe5 57. Kg1 Rg8 58. Rg2 Kh6 59. Kf1 Rg6 60. Qf2 Kg5 61. Qf3 Rg8 62. Rf2 Rga8 63. Rfa2 Ra6 64. Qf2 R8a7 65. Qf3 Qd6 66. Qf2 Qe5 67. Qf3 Qb8 68. Qf2 e5 69. Qb2 Kg6 70. Qc2 Kf7 71. Qf2 Qh8 72. Qf3 Ke7 73. Qf2 Kd6 74. Qc2 Kc5 75. Qf2 Kb6 76. Qc2 Qa8 77. Qd2 Kc5 78. Qc2 Rg7 79. Qf2 Rh7 80. Qe1 Qa7 81. Qf2 Qb6 82. Qe1 Kd6 83. Qf2 Qc5 84. Qe1 Ke7 85. Qf2 Rh8 86. Qe1 Kf7 87. Rg2 Kg6 88. Rga2 Kg5 89. Qf2 Rb8 90. Rb2 Qa7 91. Qc2 Bd7 92. Qd2 Ra8 93. Rba2 Qb6 94. Qb2 R6a7 95. Qc2 Qc5 96. Qd2 Rb8 97. Rb2 Bc6 98. Qe1 Rba8 99. Rba2 Ra6 100. Qd2 Qb6 101. Qc2 Rb8 102. Rb2 Qa7 103. Qd2 a4 104. bxa4 Bxa4 105. Rxb4 Rxb4 106. Qxb4 Bxd1 107. Rxd1 Ra2 108. Qf8 f3 109. Qg8+ Kf4 110. Qg6 Rf2+ 111. Kg1 Rg2+ 112. Kh1 Qa2 113. Qxf6+ Kg3 114. Qxe5+ Kxh3 115. g5 Rh2+ 116. Kg1 Qg2# 0-1

[Event "43rd Indian-chT 2023-24"]
[Site "Dharamsala"]
[Date "2024.04.03"]
[Round "8.4"]
[White "Visakh N R"]
[Black "Yohan Yadav Tarala"]
[Result "1-0"]
[ECO "A13"]
[WhiteElo "2521"]
[BlackElo "1746"]
[Annotator "RC"]
[PlyCount "51"]
[EventDate "2024.03.28"]
[EventType "team-tourn"]
[EventCountry "IND"]
[SourceTitle "playchess.com"]
[Source "ChessBase"]
[SourceQuality "1"]
[TimeControl "5400+30"]

1. Nf3 d5 2. e3 Nf6 3. c4 e6 4. b3 Be7 5. Bb2 b6 6. cxd5 exd5 7. g3 O-O 8. Bg2 Ba6 9. d3 Nbd7 10. O-O Re8 11. Nc3 c5 12. Re1 Rc8 13. d4 c4 14. bxc4 Bxc4 15. Nd2 b5 16. Nxc4 dxc4 17. a3 a6 18. e4 Nb6 19. Qf3 Qxd4 20. Rad1 Qc5 21. e5 Nfd7 22. Ne4 Qc7 23. Bh3 Rcd8 24. e6 fxe6 25. Bxe6+ Kh8 26. Qf7 1-0

[Event "43rd Indian-chT 2023-24"]
[Site "Dharamsala"]
[Date "2024.04.03"]
[Round "8.5"]
[White "Sharnarthi, Viresh"]
[Black "Shyaamnikhil P"]
[Result "0-1"]
[ECO "A47"]
[WhiteElo "2036"]
[BlackElo "2405"]
[Annotator "RC"]
[PlyCount "118"]
[EventDate "2024.03.28"]
[EventType "team-tourn"]
[EventCountry "IND"]
[SourceTitle "playchess.com"]
[Source "ChessBase"]
[SourceQuality "1"]
[TimeControl "5400+30"]

1. d4 Nf6 2. Nf3 b6 3. g3 Bb7 4. Bg2 c5 5. dxc5 bxc5 6. c4 g6 7. O-O Bg7 8. Nc3 O-O 9. Bf4 d6 10. Qd2 Nbd7 11. Bh6 Rb8 12. Rad1 Bxf3 13. Bxf3 Bxh6 14. Qxh6 Rxb2 15. h4 Qa5 16. Rc1 Rfb8 17. h5 Qd8 18. hxg6 hxg6 19. Kg2 Qf8 20. Qf4 Qg7 21. Rh1 Ne5 22. Qg5 Kf8 23. Rh4 Ng8 24. Bd5 Nd7 25. Ne4 Ndf6 26. Qe3 Nxe4 27. Bxe4 Qe5 28. Qf3 Nf6 29. Rch1 Ke8 30. Rh8+ Kd7 31. Bc6+ Kc7 32. Ba8 d5 33. cxd5 Kd6 34. Rxb8 Rxb8 35. Bc6 Qe4 36. Qxe4 Nxe4 37. Rh7 Ng5 38. Rg7 Ke5 39. f4+ Kf6 40. fxg5+ Kxg7 41. a4 c4 42. Kf2 Rb3 43. e4 f6 44. g4 Rd3 45. Ke2 Rd4 46. Ke3 c3 47. Kxd4 c2 48. gxf6+ Kxf6 49. e5+ Kf7 50. d6 exd6 51. exd6 c1=Q 52. d7 Ke7 53. Bb5 Qd1+ 54. Kc5 Qxg4 55. Bc6 Qf5+ 56. Kb4 Qf4+ 57. Kb5 Qc7 58. Kc5 g5 59. Kd5 Qd6+ 0-1

[Event "43rd Indian-chT 2023-24"]
[Site "Dharamsala"]
[Date "2024.04.03"]
[Round "8.6"]
[White "Vignesh N R"]
[Black "Sharnarthi, Shlok"]
[Result "1-0"]
[ECO "E04"]
[WhiteElo "2525"]
[BlackElo "1937"]
[Annotator "TA"]
[PlyCount "81"]
[EventDate "2024.03.28"]
[EventType "team-tourn"]
[EventCountry "IND"]
[SourceTitle "playchess.com"]
[Source "ChessBase"]
[SourceQuality "1"]
[TimeControl "5400+30"]

1. Nf3 d5 2. g3 c5 3. Bg2 Nc6 4. c4 e6 5. O-O Nf6 6. d4 dxc4 7. Qa4 Bd7 8. Qxc4 cxd4 9. Nxd4 Rc8 10. Nc3 Nxd4 11. Qxd4 Bc5 12. Qh4 Bc6 13. Bg5 Qd4 14. Bxc6+ Rxc6 15. e4 Be7 {[%emt 0:13:33] The position is equal.} 16. Rad1 Qb4 (16... Qc4 $11) 17. Qf4 $1 $14 Rc8 {[%emt 0:00:22] Against Qb8} 18. Qd2 {[%emt 0:02:23] Black must now prevent Bxf6.} Rd8 19. Qe2 {[%emt 0:00:02] Hoping for Rxd8+. Black is now going downhill.} Nd7 20. a3 Qc5 21. Be3 Qc6 22. Rc1 {[%emt 0:06:43][%cal Oc3d5] aiming for Nd5! White is more active.} Bc5 (22... Nc5 $16) 23. Nd5 Kf8 (23... exd5 {keeps fighting.} 24. exd5 Qa6 25. Qxa6 (25. Bxc5+ Qxe2 26. Rfe1 Qe5 $11) 25... bxa6) 24. Nb4 Qb6 {[%emt 0:04:09] [#]} 25. Rxc5 Nxc5 26. Rc1 (26. Nd3 Rxd3 27. Bxc5+ Qxc5 $18) 26... Rc8 27. Nd3 Qb5 28. Rxc5 Rxc5 29. Bxc5+ Ke8 (29... Kg8 $142 30. Bxa7 h6) 30. Bxa7 f6 31. Qc2 Kd7 {[%emt 0:01:45] Inhibits Qc8+.} 32. a4 Qa5 (32... Qc6 $142 33. Nc5+ Ke7) 33. Nc5+ $18 Ke7 {[%emt 0:03:38] [#]} 34. Qb3 $1 Kf7 (34... Rd8 35. Qxb7+) 35. Qxe6+ {[%emt 0:00:19] White mates.} Kg6 36. Qg4+ Kf7 37. Qd7+ Kg6 {[%emt 0:00:08] [#]} 38. Ne6 $1 Qe1+ 39. Kg2 Qxe4+ 40. f3 Qe2+ 41. Bf2 {[%emt 0:00:02] Weighted Error Value: White=0.05 (flawless) /Black=0.63.  Mistake:       	---       	Black=5      Inaccurate:     	White=1     	Black=3      OK:         	White=10    	Black=5      Best:        	White=1     	---        Strong:       	White=1     	---        Brilliant:      	White=1     	---} 1-0

[Event "43rd Indian-chT 2023-24"]
[Site "Dharamsala"]
[Date "2024.04.03"]
[Round "8.7"]
[White "Om, Nagnath Lamkane"]
[Black "Swapnil, S. Dhopade"]
[Result "0-1"]
[ECO "B12"]
[WhiteElo "1923"]
[BlackElo "2454"]
[Annotator "TA"]
[PlyCount "128"]
[EventDate "2024.03.28"]
[EventType "team-tourn"]
[EventCountry "IND"]
[SourceTitle "playchess.com"]
[Source "ChessBase"]
[SourceQuality "1"]
[TimeControl "5400+30"]

1. e4 c6 2. d4 d5 3. e5 Bf5 4. h4 h5 5. Bd3 Bxd3 6. Qxd3 e6 7. Bg5 Be7 8. Nf3 Nh6 9. Nbd2 {[%emt 0:04:02] The position is equal.} Nf5 10. c4 Na6 11. a3 dxc4 12. Nxc4 Nc7 13. Ne3 g6 14. g3 Nd5 15. Bxe7 Ndxe7 16. O-O Kf8 17. Rfd1 Kg7 18. Ne1 Qb6 19. b4 Rad8 20. N1c2 Rd7 21. Rd2 Rhd8 22. Nxf5+ Nxf5 23. Rad1 a5 24. Qc3 axb4 25. axb4 Ne7 26. Ne3 Nd5 27. Nxd5 Rxd5 28. Qc4 {[%emt 0:02:39] [#] Black continues to play with concentration.} (28. Kh2 $15) 28... Rb5 $1 $19 29. Rb1 Rxe5 30. dxe5 Rxd2 $17 {[%emt 0:00:05][%mdl 4096] Endgame. KQR-KQR} 31. Qc5 (31. Qf4 $142 Qd4 32. Qxd4 Rxd4 33. b5) 31... Qd8 $19 32. Re1 Rd5 33. Qe3 Rd4 34. Rb1 Qd5 35. Qg5 Qf3 {[%emt 0:00:06] Prevents Qf6+.} 36. Qe7 b5 37. Re1 Qc3 38. Rb1 Rd5 {[%emt 0:00:12] Active counter play!} 39. Qf6+ Kg8 40. Qe7 Rxe5 ({But not} 40... Qxe5 41. Qe8+ Kg7 42. Qxc6) 41. Rd1 {[%emt 0:00:29] Black must now prevent Rd8+.} Qf3 42. Qe8+ Kg7 43. Qd7 Re4 {[%emt 0:00:27] Prevents Qd4+} 44. Qd2 {[%emt 0:00:28] [#]} (44. Rb1 $142) 44... Rxb4 $3 45. Rc1 (45. Rf1 Rc4) 45... Rc4 46. Rxc4 bxc4 {[%emt 0:00:01] KQ-KQ} 47. Qd4+ Kg8 {[%emt 0:00:37] ...c3 would now be deadly.} 48. Qxc4 Qd1+ 49. Kh2 Qd5 50. Qf4 c5 51. Qb8+ Kg7 52. Qc7 Qd4 {[%emt 0:00:08] Black mates.} 53. Kg2 c4 54. Qc8 c3 55. Qc7 Qe4+ 56. Kh2 c2 57. Qc3+ e5 58. Qc7 Qe2 59. Kg2 e4 60. Qc3+ Kg8 61. Qc8+ Kh7 62. Qc5 {[%emt 0:00:53] [#]} e3 $1 63. Qc7 (63. Qxe3 Qxe3) 63... Qxf2+ 64. Kh3 Qf1+ {[%emt 0:00:04] Weighted Error Value: White=0.46/Black=0.16 (very precise) .  Mistake:       	White=3     	---        Inaccurate:     	White=7     	Black=2      OK:         	White=11    	Black=17     Best:        	White=1     	Black=3      Strong:       	---       	Black=1} (64... e2 $142 65. Qxc2 e1=Q (65... e1=B $2 66. Qxf2 Bxf2 67. g4 $19) 66. Qxf2 Qxf2 67. g4 hxg4+ 68. Kxg4 f5+ 69. Kh3 f4 70. Kg4 Qg3#) 0-1